 Dungeon Crawl Stone Soup version 0.25.0-3-gd7cc5688da (webtiles) character file.

Game seed: 8794375412803374265

23 nikku the Skirmisher (level 2, 0/42 HPs)
             Began as a Minotaur Berserker on June 15, 2020.
             Was a Follower of Trog.
             Slain by a goblin
             ... wielding a +0 dagger
             ... led by Robin
              (6 damage)
             ... on level 2 of the Dungeon.
             The game lasted 00:01:43 (787 turns).

nikku the Skirmisher (Minotaur Berserker)            Turns: 787, Time: 00:01:43

Health: 0/42       AC:  5    Str: 21    XL:     2   Next: 75%
Magic:  1/1        EV: 15    Int:  4    God:    Trog [*.....]
Gold:   48         SH:  0    Dex:  9    Spells: 1/1 levels left

rFire    . . .     SeeInvis .   a - +0 hand axe
rCold    . . .     Gourm    .   (no shield)
rNeg     . . .     Faith    .   i - +0 ring mail
rPois    .         Spirit   .   (helmet restricted)
rElec    .         Reflect  .   (no cloak)
rCorr    .         Harm     .   (no gloves)
MR       .....                  (no boots)
Stlth    ..........             (no amulet)
HPRegen  0.14/turn              h - +4 ring of evasion (curse)
MPRegen  0.07/turn              (no ring)

@: berserking, very quick
A: retaliatory headbutt, horns 2
a: Berserk, Renounce Religion


You were on level 2 of the Dungeon.
You worshipped Trog.
Trog was aware of your devotion.
You were hungry.

You visited 1 branch of the dungeon, and saw 2 of its levels.

You collected 48 gold pieces.

Inventory:

Hand Weapons
 a - a +0 hand axe (weapon)
Armour
 i - a +0 ring mail (worn)
Jewellery
 b - a cursed ring of attention {unknown}
 h - a cursed +4 ring of evasion (left hand)
Potions
 e - a potion of berserk rage {unknown}
 f - a potion of resistance
 g - a potion of cancellation {unknown}
 j - a potion of curing {unknown}
Comestibles
 c - 2 rations
 d - 5 chunks of flesh


   Skills:
 * Level 4.3 Fighting
 * Level 4.3 Axes
 - Level 2.4 Armour
 - Level 2.1 Dodging


You had one spell level left.
You didn't know any spells.
Your spell library was empty.

Dungeon Overview and Level Annotations

Branches:
Dungeon (2/15)

Altars:

Annotations:
D:2 Robin


Innate Abilities, Weirdness & Mutations

You reflexively headbutt those who attack you in melee.
You have a pair of horns on your head.


Message History

Robin throws the goblin at you! The kobold hits you but does no damage.
The goblin hits you but does no damage. The hobgoblin hits you with a +0 club.
* * * LOW HITPOINT WARNING * * *
The goblin barely misses you.
You are too injured to fight recklessly!
You are too injured to fight recklessly!
You are too injured to fight recklessly!
You are too injured to fight recklessly!
You are too injured to fight recklessly!
You are too injured to fight recklessly!
You closely miss the goblin. You closely miss the kobold.
You slash the hobgoblin!
You kill the hobgoblin!
Trog accepts your kill.
You barely miss the goblin. You slash the goblin!
You feel the power of Trog in you as your rage grows.
You kill the goblin!
Trog accepts your kill. The goblin hits you with a +0 dagger.
You die...

.....# .. ....# ..
s...### # #.
#g....# #.
#.##.....#
####.##...gg...#
.........gggK..####
..........†@)......
..........g)....##.
............$..##
.............#....
......((.....#.....
.......(.......##..
.....(.<....#### .
...............
#............#.


You could see Robin, a giant cockroach, 6 goblins and a kobold.

Vanquished Creatures
  A dart slug (D:1)
  A giant cockroach (D:1)
  6 goblins
  5 hobgoblins
  A kobold (D:1)
  3 bats
17 creatures vanquished.

Notes
Turn   | Place    | Note
-------+----------+-------------------------------------------
     0 | D:1      | nikku the Minotaur Berserker began the quest for the Orb.
     0 | D:1      | Reached XP level 1. HP: 19/19 MP: 0/0
   377 | D:1      | Reached XP level 2. HP: 19/27 MP: 1/1
   780 | D:2      | Noticed Robin
   787 | D:2      | Slain by a goblin

Illustrated notes

Levels and vault maps discovered:
D:1:      dpeg_arrival_solitude, layout_loops_cross, minmay_pentomino_u2
D:2:      layout_rooms, lemuel_zombie_altar_kikubaaqudgha,
          amethyst_overflow_temple_binary, uniq_robin

Skill      XL: |  1 |
---------------+----+-----
Fighting       | 4 |  4.3
Axes           | 4 |  4.3
Armour         | |  2.4
Dodging        | |  2.1

Action                   || total
-------------------------++-------
Melee: Hand axe          ||    30
       Headbutt          ||     5
Invok: Berserk           ||     1
  Use: Scroll            ||     1
 Stab: Sleeping          ||     1
Armor: Animal skin       ||     5
       Ring mail         ||     5
Dodge: Dodged            ||    25
